 Dungeon Crawl Stone Soup version 0.20.1-1-g8b1a95d (webtiles) character file.

1555 wolfsongas the Basher (level 8, -5/51 (52) HPs)
             Began as a Demonspawn Fighter on Aug 3, 2017.
             Was a Believer of Dithmenos.
             Slain by Psyche
             ... wielding a +1 dagger of chaos
              (10 damage)
             ... on level 8 of the Dungeon.
             The game lasted 00:12:02 (4911 turns).

wolfsongas the Basher (Demonspawn Fighter)          Turns: 4911, Time: 00:12:03

HP:   -5/51 (52)    AC: 11    Str: 22    XL:     8   Next: 58%
MP:   8/8           EV:  4    Int:  9    God:    Dithmenos [**....]
Gold: 210           SH: 15    Dex: 12    Spells: 7/7 levels left

rFire    + . .     SeeInvis .   i - +1 mace (distort)
rCold    + . .     Gourm    .   c - +0 shield
rNeg     . . .     Faith    .   p - +0 plate armour
rPois    .         Spirit   .   (helmet restricted)
rElec    .         Reflect  .   u - scarf {rC+ rF+}
rCorr    .         Harm     .   (no gloves)
MR       .....                  (no boots)
Stlth    ..........             (no amulet)
Regen    0.2/turn               e - ring of stealth
MPRegen  0.2/turn               (no ring)

@: lethally poisoned (-5 -> -13), slowed, wreathed by umbra, drained, very slow
A: beak, horns 1, large bone plates 2, blurry vision 1, frail 1, nightstalker 1,
strong 1, no potion heal 1
a: Shadow Step, Renounce Religion


You were on level 8 of the Dungeon.
You worshipped Dithmenos.
Dithmenos was pleased with you.
You were full.

You visited 1 branch of the dungeon, and saw 8 of its levels.

You collected 210 gold pieces.

Inventory:

Hand Weapons
 i - a +1 mace of distortion (weapon)
 q - a +0 antimagic club
 w - a cursed +1 flail of freezing
Armour
 b - a +0 scale mail
 c - a +0 shield (worn)
 p - a +0 plate armour (worn)
 u - a scarf of resistance (worn)
Jewellery
 e - a ring of stealth (left hand)
Scrolls
 f - a scroll of teleportation
 l - a scroll of noise
 r - a scroll of remove curse
 s - a scroll of amnesia
 t - a scroll of identify
Potions
 a - a potion of cancellation
 d - a potion of magic
 g - 3 potions of brilliance
 h - a potion of lignification {unknown}
 j - a potion of flight
 m - a potion of haste {unknown}
 o - 2 potions of curing {unknown}
 v - a potion of mutation {unknown}
Comestibles
 n - 3 meat rations


   Skills:
 - Level 3.0(2.9) Fighting
 * Level 9.6(9.5) Maces & Flails
 + Level 3.5(3.4) Armour
 + Level 3.3(3.2) Shields


You had 7 spell levels left.
You didn't know any spells.

Dungeon Overview and Level Annotations

Branches:
Dungeon (8/15)             Temple (0/1) D:6
   Lair: D:8-11

Altars:
Ashenzari
Dithmenos
Kikubaaqudgha
Nemelex Xobeh
Trog
The Shining One

Annotations:
D:5 Prince Ribbit
D:7 bootles's ghost, novice DrGl
D:8 Psyche


Innate Abilities, Weirdness & Mutations

You have a pair of small horns on your head.
You are mostly covered in large bone plates. (SH +6)
You are slightly more attuned to the shadows.
You have a beak for a mouth.
Scrolls take you a little longer to read.
You are frail. (-10% HP)
Your muscles are strong. (Str +2)
Potions are less effective at restoring your health.


Message History

Found a scroll of amnesia.
The scorpion barely misses you.
The worker ant zombie waves its antennae.
Psyche mumbles some strange words.
Psyche seems to speed up.
You block the quokka's attack. You block the scorpion's attack.
The worker ant zombie bites you but does no damage.
An orc wizard comes into view. It is wielding a dagger.
You hit the worker ant zombie.
Space bends around the worker ant zombie.
Your headbutt misses the worker ant zombie.
You peck the worker ant zombie.
The worker ant zombie is moderately damaged.
Psyche hits you but does no damage.
You are lethally poisoned!
You block Psyche's attack. The quokka bites you.
* * * LOW HITPOINT WARNING * * *
You block the scorpion's attack. Psyche hits you but does no damage.
You are electrocuted!
You die...

#. #####.
......
......#########
.......J>......
...o...s@Z.....
.#...r@....%?
..hW.#.........
.... #.........
... #.........
.. ########## .


You could see Psyche, a phantom, a scorpion, a hound (wandering), a jelly, an
orc wizard, a worker ant zombie and a quokka.

Vanquished Creatures
  A sky beast (D:5)
  An eye of draining (D:4)
  An ogre (D:4)
  A centaur (D:5)
  A phantom (D:6)
  3 bullfrogs (D:6)
  A scorpion (D:4)
  2 wights (D:7)
  A howler monkey (D:4)
  A jelly (D:5)
  2 hounds
  A centaur skeleton (D:7)
  4 worker ants
  An iguana (D:6)
  5 orc wizards
  3 hound skeletons
  Robin (D:2)
  A howler monkey skeleton (D:6)
  4 gnolls (D:6)
  4 adders
  A shadow imp (D:5)
  An adder zombie (D:6)
  2 worms (D:4)
  3 dart slugs
  2 leopard geckos
  14 orcs
  A ball python (D:2)
  10 bats
  3 bat zombies (D:2)
  4 giant cockroaches
  14 goblins
  9 hobgoblins
  9 jackals
  3 quokkas
  5 frilled lizards
  6 kobolds
  5 rats
131 creatures vanquished.

Vanquished Creatures (others)
  A gnoll sergeant (D:6)
  A wight (D:7)
  A centaur zombie (D:5)
  An orc priest (D:5)
  An iguana (D:5)
  A gnoll (D:6)
  An orc (D:6)
7 creatures vanquished.

Grand Total: 138 creatures vanquished

Notes
Turn   | Place    | Note
-------+----------+-------------------------------------------
     0 | D:1      | wolfsongas the Demonspawn Fighter began the quest for the Orb.
     0 | D:1      | Reached XP level 1. HP: 18/18 MP: 1/1
    51 | D:1      | Reached skill level 2 in Maces & Flails
   147 | D:1      | Gained mutation: You are partially covered in large bone plates. (SH +4) [demonic ancestry]
   147 | D:1      | Reached XP level 2. HP: 24/24 MP: 2/2
   416 | D:1      | Reached skill level 3 in Maces & Flails
   511 | D:2      | Gained mutation: You have a pair of small horns on your head. [demonic ancestry]
   511 | D:2      | Reached XP level 3. HP: 29/29 MP: 3/3
   567 | D:2      | Noticed Robin
   584 | D:2      | Killed Robin
   675 | D:2      | Found a shadowy altar of Dithmenos.
   687 | D:2      | Became a worshipper of Dithmenos the Shadowed
  1472 | D:2      | Gained mutation: You are mostly covered in large bone plates. (SH +6) [demonic ancestry]
  1472 | D:2      | Reached XP level 4. HP: 26/35 MP: 4/4
  1479 | D:2      | Found an ancient bone altar of Kikubaaqudgha.
  1647 | D:2      | Reached skill level 4 in Maces & Flails
  1862 | D:3      | Reached * piety under Dithmenos
  2198 | D:4      | Noticed an ogre
  2329 | D:4      | Found a shattered altar of Ashenzari.
  2408 | D:4      | Reached XP level 5. HP: 33/41 MP: 5/5
  2505 | D:4      | Reached skill level 5 in Maces & Flails
  2540 | D:4      | Noticed an eye of draining
  2541 | D:4      | Noticed an eye of draining
  2542 | D:4      | Found a bloodstained altar of Trog.
  2680 | D:4      | Killed an ogre
  2680 | D:4      | Reached skill level 6 in Maces & Flails
  2680 | D:4      | Reached XP level 6. HP: 10/47 MP: 6/6
  3203 | D:5      | Entered Level 5 of the Dungeon
  3237 | D:5      | Reached skill level 7 in Maces & Flails
  3254 | D:5      | Reached XP level 7. HP: 34/52 MP: 7/7
  3317 | D:5      | Found a glowing golden altar of the Shining One.
  3353 | D:5      | Found a sparkling altar of Nemelex Xobeh.
  3454 | D:5      | Gained mutation: You have a beak for a mouth. [mutagenic meat]
  3455 | D:5      | Gained mutation: Potions are less effective at restoring your health. [mutagenic meat]
  3456 | D:5      | Gained mutation: You are frail. (-10% HP) [mutagenic meat]
  3457 | D:5      | Gained mutation: Your muscles are strong. (Str +2) [mutagenic meat]
  3458 | D:5      | Gained mutation: Scrolls take you a little longer to read. [mutagenic meat]
  3469 | D:5      | Reached ** piety under Dithmenos
  3524 | D:5      | Noticed Prince Ribbit
  3616 | D:5      | Reached skill level 8 in Maces & Flails
  3823 | D:6      | Found a staircase to the Ecumenical Temple.
  3861 | D:6      | Gained mutation: You are slightly more attuned to the shadows. [demonic ancestry]
  3861 | D:6      | Reached XP level 8. HP: 52/52 MP: 8/8
  3867 | D:6      | Reached skill level 9 in Maces & Flails
  4849 | D:7      | Noticed bootles's ghost (novice DrGl)
  4907 | D:8      | Noticed Psyche
  4911 | D:8      | Slain by Psyche

Skill      XL: |  1  2  3  4  5  6  7  8 |
---------------+-------------------------+-----
Maces & Flails | 2 3 4 6 7 8 9 |  9.6
Armour         | 3 |  3.5
Shields        | 3 |  3.3
Fighting       | |  3.0

Action                   |  1- 3 |  4- 6 |  7- 9 || total
-------------------------+-------+-------+-------++-------
Melee: Flail             |    87 |       |       ||    87
       Mace              |    31 |   123 |   187 ||   341
       Headbutt          |     8 |    18 |    31 ||    57
       Peck              |       |       |    23 ||    23
  Use: Potion            |     4 |       |     1 ||     5
       Scroll            |     4 |     4 |     5 ||    13
  Eat: Bread ration      |     2 |       |     1 ||     3
       Chunk             |       |       |     5 ||     5
       Meat ration       |       |       |     1 ||     1
Armor: Scale mail        |    65 |     9 |       ||    74
       Plate armour      |       |    27 |    79 ||   106
Dodge: Dodged            |    38 |    18 |    11 ||    67
Block: Shield            |   106 |    84 |   141 ||   331
